 Dungeon Crawl Stone Soup version 0.28-a0-704-g4d584c6bc1 (webtiles) character file.

Game seed: 18257619404845902023

383852 Johnny the Acrobat (level 24, -8/212 HPs)
             Began as a Human Berserker on Oct 23, 2021.
             Was a High Priest of Trog.
             Mangled by a vault guard (14 damage)
             ... on level 5 of the Vaults on Oct 24, 2021.
             The game lasted 01:12:29 (52027 turns).

Johnny the Acrobat (Human Berserker)               Turns: 52027, Time: 01:12:29

Health: -8/212     AC: 14    Str: 31    XL:     24   Next: 3%
Magic:  0/23       EV: 25    Int: 12    God:    Trog [*****.]
Gold:   2090       SH:  0    Dex: 13    Spells: 23/23 levels left

rFire   + + +      SeeInvis +   e - +1 great sword (vamp)
rCold   + + +      Faith    .   (shield currently unavailable)
rNeg    . . .      Spirit   +   W - +0 scale mail of the Enchanted Forest {rElec Will+ Int+4}
rPois   +          Reflect  .   x - +2 helmet of the Jolly Leylines {Drain Regen+ Dex+3 Stlth+}
rElec   +          Harm     .   J - scarf {repulsion}
rCorr   .          Rampage  .   Y - +2 pair of gloves
Will    +++..                   V - -4 pair of boots "Cexel" {rF+++ Will- Str+3 SInv}
Stlth   +.........              c - amulet "Xilut" {Spirit rPois rC+++ Dex-4 SInv}
HPRegen 2.45/turn               h - +4 ring of evasion
MPRegen 0.18/turn               z - +4 ring of slaying

@: marked, strong-willed, regenerating, studying Slings, repel missiles
A: no striking features
}: 2/15 runes: decaying, gossamer
a: Renounce Religion, Berserk, Trog's Hand, Brothers in Arms


You were on level 5 of the Vaults.
You worshipped Trog.
Trog was extremely pleased with you.
You visited 7 branches of the dungeon, and saw 39 of its levels.
You visited the Abyss 2 times.
You also visited: Ice Cave and Volcano.

You collected 4595 gold pieces.
You spent 2505 gold pieces at shops.

Inventory:

Hand Weapons
 d - a +9 antimagic great sword
 e - a +1 vampiric great sword (weapon)
 o - a +4 triple sword of flaming
 M - a +2 double sword of flaming
 N - a +9 spectral great sword
Missiles
 w - 2 throwing nets (quivered)
Armour
 x - the +2 helmet of the Jolly Leylines (worn) {Drain Regen+ Dex+3 Stlth+}
   (You found it on level 3 of the Elven Halls)

   Dex:       It affects your dexterity (+3).
   Regen:     It increases your rate of health regeneration.
   Drain:     It drains your maximum health when unequipped.
   Stlth:     It makes you more stealthy.
 H - a +2 hat of see invisible
 J - a scarf of repulsion (worn)
 K - a +4 troll leather armour
 V - the -4 pair of boots "Cexel" (worn) {rF+++ Will- Str+3 SInv}
   (You found it on level 3 of the Elven Halls)

   Str:       It affects your strength (+3).
   rF:        It renders you almost immune to fire.
   SInv:      It lets you see invisible.
   Will:      It decreases your willpower.
 W - the +0 scale mail of the Enchanted Forest (worn) {rElec Will+ Int+4}
   (You found it on level 4 of the Spider Nest)

   Int:       It affects your intelligence (+4).
   rElec:     It insulates you from electricity.
   Will:      It increases your willpower.
 X - a +1 cloak of poison resistance
 Y - a +2 pair of gloves (worn)
Jewellery
 a - the ring of Yntiuwi {Drain rElec rC+++ Str+6 Stlth-}
   (You acquired it on level 4 of the Swamp)

   [ring of strength]

   Str:       It affects your strength (+6).
   rC:        It renders you almost immune to cold.
   rElec:     It insulates you from electricity.
   Drain:     It drains your maximum health when unequipped.
   Stlth:     It makes you less stealthy.
 c - the amulet "Xilut" (around neck) {Spirit rPois rC+++ Dex-4 SInv}
   (You found it on level 2 of the Lair of Beasts)

   [amulet of guardian spirit]

   It causes incoming damage to be divided between your reserves of health and
   magic.
   Dex:       It affects your dexterity (-4).
   rC:        It renders you almost immune to cold.
   rPois:     It protects you from poison.
   SInv:      It lets you see invisible.
 h - a +4 ring of evasion (left hand)
 z - a +4 ring of slaying (right hand)
Wands
 P - a wand of digging (12)
 U - a wand of acid (38)
Scrolls
 g - 12 scrolls of teleportation
 i - 5 scrolls of torment
 j - 6 scrolls of holy word
 k - 9 scrolls of immolation
 p - 5 scrolls of enchant armour
 u - 2 scrolls of vulnerability
 y - 3 scrolls of fear
 C - a scroll of enchant weapon
 F - 3 scrolls of silence
 I - 2 scrolls of fog
 Q - 11 scrolls of identify
 S - a scroll of blinking
 Z - 7 scrolls of magic mapping
Potions
 b - 6 potions of brilliance
 f - 15 potions of curing
 l - 7 potions of heal wounds
 m - 5 potions of invisibility
 n - 2 potions of cancellation
 q - 6 potions of might
 r - 4 potions of flight
 s - 7 potions of ambrosia
 t - 3 potions of berserk rage
 v - 11 potions of lignification
 A - 2 potions of resistance
 E - 5 potions of magic
 L - 6 potions of haste
 O - 3 potions of mutation
Miscellaneous
 B - a phantom mirror
 D - a box of beasts
 G - a phial of floods
 R - a condenser vane
 T - a lightning rod (4/4)


   Skills:
 - Level 22.7 Fighting
 - Level 22.2 Long Blades
 - Level 14.1 Armour
 + Level 23.6 Dodging


You had 23 spell levels left.
You didn't know any spells.
Your spell library was empty.

Dungeon Overview and Level Annotations

Branches:
Dungeon (15/15)            Temple (0/1) D:4            Lair (6/6) D:10
  Swamp (4/4) Lair:3       Spider (4/4) Lair:4        Slime (0/5) Lair:6
    Orc (2/2) D:11            Elf (3/3) Orc:2        Vaults (5/5) D:14
  Crypt (0/3) Vaults:3     Depths (0/4) D:15          IceCv (visited)
Volcano (visited)

Altars:
Fedhas
Ru
Sif Muna
Wu Jian
Xom
Beogh
Jiyva
Lugonu

Shops:
D:5 *   D:11 (   Orc:2 =(((!   Elf:1 (   Elf:3 [   Vaults:1 *   Vaults:2 *

Portals:
Abyss: Lair:2
Trove: D:14 (give 9 potions of haste)

Annotations:
D:10 2 transporters
Swamp:3 Roxanne


Message History

Flame seeps out of the vault guard.
The vault guard barely misses you.
The vault guard hits you with a +0 great mace!
The vault guard barely misses you.
The fire giant is engulfed in blazing flames.
Flame seeps out of the fire giant.
The fire giant hits you with a +1 great sword of flaming!!
The fire giant burns you.
A yaktaur captain comes into view.
The vault guard is engulfed in blazing flames.
Flame seeps out of the vault guard.
The vault guard completely misses you.
The vault guard is engulfed in blazing flames.
Flame seeps out of the vault guard.
The vault guard completely misses you.
The vault guard is engulfed in blazing flames.
Flame seeps out of the vault guard.
The vault guard hits you with a +0 great sword!
The vault guard hits you with a +3 great mace!
* * * LOW HITPOINT WARNING * * *
Unknown command.
Unknown command.
Unknown command.
You are engulfed in blazing flames.
You resist.
* * * LOW HITPOINT WARNING * * *
The vault guard is engulfed in blazing flames.
Flame seeps out of the vault guard.
The vault guard completely misses you.
The vault guard is engulfed in blazing flames.
Flame seeps out of the vault guard.
The vault guard hits you with a +0 battleaxe!
* * * LOW HITPOINT WARNING * * *
The hell knight gestures wildly while chanting.
The hell knight seems to speed up.
The vault guard hits you with a +3 great sword!
* * * LOW HITPOINT WARNING * * *
The fire giant is engulfed in blazing flames.
Flame seeps out of the fire giant.
The fire giant hits you with a +1 great sword of flaming!!
* * * LOW HITPOINT WARNING * * *
The vault guard hits you with a +0 great mace!!
* * * LOW HITPOINT WARNING * * *
The vault guard hits you with a +0 battleaxe of electrocution!
You die...

#. #....#....
#..#....#...
...#....#..###
........#..p.
.......p....
##...pppQ.#####
....pppCpp.....
...Cppp@p§.....


cc..pppppp..... c....pppp...... ##........##### ........... ...#....#...
..p#....#.... .. #....#..C.. You could see an ironbound preserver, a titan, a
fire giant (inner flame), a tengu reaver (inner flame), a yaktaur captain, 23
vault guards, an ettin, a hell knight (fast) and 2 yaktaurs.

Vanquished Creatures
  The ghost of Geciec the Warrior, a veteran BaAK of Lugonu (Vaults:1)
  Saint Roka (Elf:2)
  Nikola (Swamp:2)
  A bone dragon (Abyss:2)
  Jorgrun (Swamp:1)
  Rupert (Lair:6)
  A deep elf master archer (Elf:3)
  2 deep elf blademasters (Elf:3)
  A tentacled starspawn (Abyss:2)
  Gastronok (Lair:1)
  Kirke (Swamp:1)
  2 thorn hunters
  A fenstrider witch (Swamp:1)
  5 deep elf sorcerers
  A frost giant (IceCv)
  12 vault wardens
  4 ghost moths (Spider:4)
  An orc warlord (Vaults:1)
  3 emperor scorpions
  Louise (Elf:2)
  21 ironbound preservers
  5 deep elf elementalists (Elf:3)
  2 ghouls (Swamp:4)
  A war gargoyle (Vaults:4)
  8 very ugly things
  3 stone giants
  6 deep elf demonologists
  4 dire elephants (Vaults:1)
  Azrael (D:12)
  5 entropy weavers
  6 bunyips
  A lorocyproca (Abyss:2)
  12 deep elf annihilators
  The ghost of yegreS the Spear-Bearer, a journeyman HOFi of Gozag (Orc:2)
  A spark wasp (Spider:3)
  An ettin (Vaults:4)
  6 eleionomae
  A fire dragon (D:15)
  6 deep elf death magi
  Josephine (D:14)
  4 boulder beetles
  5 deep elf high priests
  8 yaktaur captains
  2 great orbs of eyes (Vaults:2)
  3 ice dragons (Swamp:4)
  Harold (D:8)
  8 vault guards
  6 ironbound thunderhulks
  A spriggan air mage (Swamp:3)
  8 hydras
  A peacekeeper (Vaults:4)
  2 death knights (Vaults:3)
  3 ghost crabs (Swamp:4)
  10 ironbound frosthearts
  25 centaur warriors
  13 alligators
  5 two-headed ogres
  6 tengu warriors
  17 death yaks
  8 orc high priests
  27 dancing weapons
  12 deep elf knights
  A spriggan berserker (Swamp:2)
  A soul eater (Abyss:2)
  A spatial maelstrom (Abyss:2)
  10 spriggans
  A goliath frog (Swamp:3)
  A sixfirhy (Abyss:2)
  6 spriggan druids
  4 large abominations (Abyss:2)
  52 deep trolls
  A swamp dragon (Swamp:4)
  4 bog bodies
  11 deep elf archers
  A shadow dragon zombie (Abyss:2)
  Pikel (D:4)
  A glowing orange brain (Vaults:3)
  11 lindwurms
  14 wizards
  9 orc knights
  9 ironbound convokers
  2 necromancers
  29 wolf spiders
  8 harpies (Vaults:1)
  24 deep elf zephyrmancers
  8 orc sorcerers
  28 deep elf pyromancers
  2 manticores
  A cyclops (D:11)
  5 will-o-the-wisps
  31 ugly things
  26 orb spiders
  14 elephants
  2 worldbinders (Abyss:2)
  2 oklob plants
  17 vault sentinels
  A water nymph (shapeshifter) (Vaults:3)
  Joseph (Lair:1)
  2 apocalypse crabs (Abyss:2)
  3 moths of wrath
  An ice statue (IceCv)
  9 black mambas
  3 gargoyles
  Maggie (D:8)
  18 cane toads
  4 unseen horrors
  2 efreet
  4 komodo dragons
  7 kobold demonologists
  3 tengu conjurers
  7 demonic crawlers
  4 rime drakes
  6 freezing wraiths
  29 yaktaurs
  A yaktaur skeleton (Vaults:4)
  An ancient zyme (Abyss:2)
  27 jumping spiders
  A polar bear (shapeshifter) (D:14)
  18 polar bears
  3 trolls
  Prince Ribbit (Lair:2)
  20 hornets
  28 slime creatures
  8 tyrant leeches
  9 raiju
  17 blink frogs
  6 dream sheep (Lair:6)
  2 air elementals (Elf:2)
  18 orc warriors
  A vampire (D:13)
  A ynoxinul (Abyss:2)
  A shadow (D:12)
  12 wyverns
  87 redbacks
  7 wraiths
  9 fire bats (Volcano)
  A water elemental (Elf:3)
  72 yaks
  32 tarantellas
  4 fire elementals
  5 hogs (Swamp:1)
  5 basilisks
  3 swamp worm simulacra (Swamp:4)
  2 steam dragons
  13 vampire mosquitoes
  8 small abominations (Abyss:2)
  A yaktaur simulacrum (Vaults:4)
  17 swamp worms
  15 hydra simulacra (Swamp:4)
  11 wargs
  33 water moccasins
  17 hell hounds
  2 acid dragons
  A swamp drake (Swamp:1)
  2 ice beasts
  14 black bears
  17 centaurs
  4 ogres
  44 wolves
  A lemure (D:3)
  2 human skeletons (Vaults:4)
  3 phantoms
  2 kobold brigands (D:10)
  A human zombie (Vaults:4)
  2 scorpions
  13 bullfrogs
  3 earth elementals
  2 gnoll sergeants
  10 wights
  2 centaur zombies
  10 electric eels
  A bullfrog zombie (D:6)
  5 lava snakes (Volcano)
  3 hounds
  20 orc priests
  A gnoll shaman (D:7)
  A jelly (D:5)
  3 iguanas
  35 orc wizards
  5 hell rats (Lair:6)
  A hound skeleton (D:4)
  2 howler monkey zombies
  8 adders
  14 gnolls
  4 white imps
  An ufetubus (D:5)
  5 swamp drake simulacra (Swamp:4)
  2 worms
  6 dart slugs
  65 orcs
  7 bats
  8 endoplasms
  A giant cockroach (D:3)
  7 goblins
  3 hobgoblins
  4 jackals (D:1)
  3 quokkas (D:1)
  7 ball pythons
  8 frilled lizards
  17 kobolds
  6 rats
  A bush (Lair:2)
  A butterfly (Lair:3)
  A lurking horror (Lair:2)
1660 creatures vanquished.

Vanquished Creatures (collateral kills)
  A vault warden (Vaults:3)
  A bunyip (Swamp:2)
  A spark wasp (Spider:4)
  A yaktaur captain (Vaults:3)
  A hydra (D:14)
  3 centaur warriors
  A death yak (Lair:3)
  A slime creature (Vaults:3)
  A goliath frog (Swamp:2)
  4 deep trolls
  3 wolf spiders (Spider:4)
  A deep elf zephyrmancer (Elf:1)
  An orc sorcerer (Orc:2)
  A guardian serpent (Lair:6)
  A vault sentinel (Vaults:3)
  12 yaktaurs (Vaults:3)
  A tyrant leech (Swamp:1)
  A hornet (Swamp:1)
  A jumping spider (Spider:1)
  8 redbacks (Spider:4)
  4 spriggans
  2 basilisks
  A swamp worm (Swamp:3)
  A water moccasin (Lair:6)
  2 orc warriors (Orc:2)
  A centaur (D:14)
  A bullfrog (Lair:3)
  3 howler monkeys (D:14)
  An orc priest (D:6)
  4 orc wizards
65 creatures vanquished.

Vanquished Creatures (others)
  A ghost crab (Swamp:4)
  An alligator (Swamp:4)
  A deep elf knight (Elf:1)
  A bog body (Swamp:4)
  A wizard (Vaults:4)
  A deep elf zephyrmancer (Elf:2)
  3 bloated husks
  A flying skull (Abyss:2)
  A human (Swamp:1)
  A hydra simulacrum (Swamp:4)
  A water moccasin zombie (D:6)
  An electric eel (Lair:3)
  An adder (D:6)
  15 foxfires
  78 fungi
  A lurking horror (Lair:2)
  187 plants
  2 starspawn tentacles (Abyss:2)
298 creatures vanquished.

Grand Total: 2023 creatures vanquished

Notes
Turn   | Place    | Note
-------+----------+-------------------------------------------
     0 | D:1      | Johnny the Human Berserker began the quest for the Orb.
     0 | D:1      | Reached XP level 1. HP: 18/18 MP: 1/1
   130 | D:1      | Reached XP level 2. HP: 18/24 MP: 2/2
   267 | D:1      | Found a faded altar of an unknown god.
   387 | D:1      | Reached XP level 3. HP: 24/29 MP: 3/3
   481 | D:1      | Reached ** piety under Trog
  1674 | D:2      | Reached XP level 4. HP: 35/35 MP: 4/4
  2445 | D:2      | Reached XP level 5. HP: 42/42 MP: 5/5
  2720 | D:2      | Found a shimmering blue altar of Sif Muna.
  3751 | D:3      | Reached skill level 5 in Long Blades
  3865 | D:4      | Found a staircase to the Ecumenical Temple.
  3872 | D:4      | Reached *** piety under Trog
  4079 | D:4      | Noticed Pikel
  4079 | D:4      | Noticed a lemure
  4079 | D:4      | Noticed a lemure
  4080 | D:4      | Noticed a lemure
  4081 | D:4      | Noticed a lemure
  4114 | D:3      | Killed a lemure
  4332 | D:5      | Entered Level 5 of the Dungeon
  4332 | D:5      | Noticed a water moccasin
  4343 | D:5      | Killed a water moccasin
  4344 | D:5      | Reached XP level 6. HP: 49/49 MP: 6/6
  4357 | D:5      | Found Xiucun's Assorted Antiques.
  4423 | D:5      | Noticed a steam dragon
  4434 | D:5      | Killed a steam dragon
  4435 | D:5      | Reached XP level 7. HP: 54/55 MP: 7/7
  4531 | D:5      | Reached skill level 5 in Fighting
  4940 | D:5      | Noticed a yak
  4961 | D:5      | Killed a yak
  4962 | D:5      | Reached XP level 8. HP: 64/64 MP: 8/8
  4980 | D:5      | Noticed a yak
  4981 | D:5      | Noticed a yak
  6144 | D:6      | Killed an orc warrior
  6447 | D:6      | Reached XP level 9. HP: 50/71 MP: 9/9
  7189 | D:6      | Found an ornate altar of the Wu Jian Council.
  7478 | D:5      | Reached skill level 10 in Long Blades
  7793 | D:5      | Bought a crude long sword for 289 gold pieces
  7793 | D:5      | Identified the +7 long sword "Wuen" {flame, Will+ Dex+4}
                  | (You bought it in a shop on level 5 of the Dungeon)
  7905 | D:4      | Killed Pikel
  7906 | D:4      | Reached XP level 10. HP: 81/81 MP: 10/10
  8819 | D:7      | Found a sacrificial altar of Ru.
  9156 | D:8      | Noticed Maggie
  9171 | D:8      | Killed Maggie
  9413 | D:8      | Noticed Harold
  9419 | D:8      | Killed Harold
 10205 | D:9      | Identified the +1 scale mail of Noon {Rampage Str+2 Stlth+}
 10279 | D:9      | Noticed a two-headed ogre
 10286 | D:9      | Killed a two-headed ogre
 10287 | D:9      | Reached XP level 11. HP: 90/90 MP: 11/11
 10786 | D:10     | Entered Level 10 of the Dungeon
 10916 | D:10     | Reached skill level 10 in Fighting
 10925 | D:10     | Noticed a sixfirhy
 11246 | D:10     | Identified the +6 war axe of Innocence {venom, Int+4 Dex+4}
 11320 | D:10     | Reached **** piety under Trog
 11379 | D:10     | Found a staircase to the Lair.
 11575 | D:10     | Found a transporter.
 11616 | D:10     | Noticed an orc high priest
 11625 | D:10     | Found a transporter.
 11633 | D:10     | Noticed a fire crab
 11643 | D:10     | Noticed an orc sorcerer
 12013 | D:11     | Found Timunt's Weapon Shop.
 12097 | D:11     | Noticed a cyclops
 12124 | D:11     | Reached XP level 12. HP: 34/100 MP: 12/12
 12145 | D:10     | Reached skill level 15 in Long Blades
 12353 | D:11     | Found a shimmering altar of Xom.
 12355 | D:11     | Found a shimmering altar of Xom.
 12744 | D:11     | Noticed Maurice
 12747 | D:11     | Noticed Maurice
 12747 | D:11     | Maurice changed into Maurice the warg
 12753 | D:11     | Killed Maurice the warg
 12817 | D:11     | Found a staircase to the Orcish Mines.
 13010 | D:12     | Noticed Azrael
 13027 | D:12     | Reached ***** piety under Trog
 13037 | D:12     | Killed Azrael
 13660 | D:13     | Noticed a two-headed ogre
 13664 | D:13     | Killed a two-headed ogre
 13694 | D:13     | Noticed a centaur warrior
 13709 | D:13     | Killed a centaur warrior
 13928 | D:13     | Reached XP level 13. HP: 109/109 MP: 13/13
 14072 | D:13     | Noticed a centaur warrior
 14082 | D:13     | Killed a centaur warrior
 14238 | D:13     | Found an ornate altar of the Wu Jian Council.
 14387 | Lair:1   | Entered Level 1 of the Lair of Beasts
 14579 | Lair:1   | Found a dark tunnel.
 14584 | Volcano  | Entered a volcano
 14765 | Volcano  | Noticed a stone giant
 14771 | Volcano  | Killed a stone giant
 14834 | Volcano  | Found a burning altar of Makhleb.
 15161 | Lair:1   | Noticed Gastronok
 15177 | Lair:1   | Killed Gastronok
 15239 | Lair:1   | Noticed Joseph
 15263 | Lair:1   | Killed Joseph
 15778 | Lair:2   | Noticed Prince Ribbit
 15795 | Lair:2   | Killed Prince Ribbit
 16126 | Lair:2   | Identified the amulet "Xilut" {Spirit rPois rC+++ Dex-4
                  | SInv}
 16329 | Lair:2   | Found a corrupted altar of Lugonu.
 16331 | Lair:2   | Found a one-way gate to the infinite horrors of the Abyss.
 17045 | Lair:3   | Noticed an eight-headed hydra
 17054 | Lair:3   | Noticed a six-headed hydra
 17055 | Lair:3   | Killed a four-headed hydra
 17067 | Lair:3   | Killed a one-headed hydra
 17068 | Lair:3   | Reached XP level 14. HP: 51/119 MP: 5/14
 17187 | Lair:3   | Reached skill level 3 in Dodging
 17377 | Lair:3   | Received a gift from Trog
 17673 | Lair:3   | Reached skill level 4 in Dodging
 17921 | Lair:3   | Found a staircase to the Swamp.
 18161 | Lair:4   | Found a frozen archway.
 18182 | IceCv    | Entered an ice cave
 18396 | IceCv    | Found the +4 robe of Folly {Brilliance Will-∞ Int+8}
 18616 | IceCv    | Identified the +2 leather armour "Duofabra" {rPois}
 18719 | IceCv    | Reached skill level 5 in Armour
 18719 | IceCv    | Reached skill level 5 in Dodging
 18773 | IceCv    | Noticed a frost giant
 18807 | IceCv    | Killed a frost giant
 19112 | Lair:4   | Reached skill level 15 in Fighting
 19198 | Lair:4   | Found a hole to the Spider Nest.
 19380 | Lair:4   | Reached XP level 15. HP: 123/129 MP: 13/15
 20347 | Lair:5   | Reached skill level 6 in Dodging
 20920 | Lair:6   | Entered Level 6 of the Lair of Beasts
 21342 | Lair:6   | Received a gift from Trog
 21609 | Lair:6   | Found a blossoming altar of Fedhas.
 21755 | Lair:6   | Reached skill level 7 in Dodging
 21924 | Lair:6   | Reached ****** piety under Trog
 21927 | Lair:6   | Received a gift from Trog
 22319 | Lair:6   | Reached XP level 16. HP: 109/139 MP: 12/16
 22620 | Lair:6   | Noticed Rupert
 22639 | Lair:6   | Killed Rupert
 22834 | Lair:6   | Reached skill level 8 in Dodging
 23094 | Lair:6   | Found a viscous altar of Jiyva.
 23094 | Lair:6   | Found a staircase to the Slime Pits.
 23425 | Orc:1    | Entered Level 1 of the Orcish Mines
 23429 | Orc:1    | Received a gift from Trog
 23549 | Orc:1    | Found a runed translucent door.
 23856 | Orc:2    | Entered Level 2 of the Orcish Mines
 23856 | Orc:2    | Found a runed translucent door.
 23857 | Orc:2    | Noticed yegreS's ghost (journeyman HOFi)
 24083 | Orc:2    | Found a staircase to the Elven Halls.
 24206 | Orc:2    | Received a gift from Trog
 24298 | Orc:2    | Found Ytrot's Jewellery Emporium.
 24298 | Orc:2    | Found Xyewar's Antique Weapon Shoppe.
 24304 | Orc:2    | Found Arus's Weapon Shoppe.
 24306 | Orc:2    | Found Cuvigher's Weapon Emporium.
 24472 | Orc:2    | Found Iwewnin's Distillery.
 24481 | Orc:2    | Bought 2 potions of haste for 280 gold pieces
 24481 | Orc:2    | Bought a potion of curing for 42 gold pieces
 24481 | Orc:2    | Bought a potion of invisibility for 112 gold pieces
 24481 | Orc:2    | Bought a potion of heal wounds for 70 gold pieces
 24481 | Orc:2    | Bought a potion of mutation for 112 gold pieces
 24481 | Orc:2    | Bought a potion of curing for 42 gold pieces
 24481 | Orc:2    | Bought a potion of curing for 42 gold pieces
 24481 | Orc:2    | Bought a potion of curing for 42 gold pieces
 24481 | Orc:2    | Bought a potion of curing for 42 gold pieces
 24766 | Orc:2    | Killed yegreS's ghost
 25329 | D:14     | Noticed Josephine
 25456 | D:14     | Killed Josephine
 25552 | D:14     | Found a gate to the Vaults.
 25849 | D:14     | Found a portal to a secret trove of treasure.
 26280 | D:15     | Entered Level 15 of the Dungeon
 26294 | D:15     | Received a gift from Trog
 26396 | D:15     | Reached skill level 9 in Dodging
 26440 | D:15     | Reached XP level 17. HP: 149/149 MP: 17/17
 26468 | D:15     | Found a staircase to the Depths.
 27068 | Swamp:1  | Entered Level 1 of the Swamp
 27200 | Swamp:1  | Noticed Kirke
 27218 | Swamp:1  | Killed Kirke
 27446 | Swamp:1  | Noticed Jorgrun
 27455 | Swamp:1  | Killed Jorgrun
 27468 | Swamp:1  | Received a gift from Trog
 28123 | Swamp:2  | Noticed a thorn hunter
 28139 | Swamp:2  | Killed a thorn hunter
 28606 | Swamp:2  | Reached skill level 10 in Dodging
 28609 | Swamp:2  | Reached skill level 10 in Armour
 29048 | Swamp:3  | Noticed Nikola
 29061 | Swamp:2  | Killed Nikola
 29207 | Swamp:3  | Received a gift from Trog
 29363 | Swamp:3  | Reached XP level 18. HP: 139/159 MP: 14/18
 29674 | Swamp:3  | Identified Roxanne's Tome of Earth
 29674 | Swamp:3  | Noticed Roxanne
 29892 | Swamp:4  | Entered Level 4 of the Swamp
 30336 | Swamp:4  | Identified a scroll of acquirement
 30338 | Swamp:4  | Acquired the ring of Yntiuwi {Drain rElec rC+++ Str+6
                  | Stlth-}
 30588 | Swamp:4  | Got a decaying rune of Zot
 30822 | Swamp:4  | Reached skill level 11 in Dodging
 31133 | Spider:1 | Entered Level 1 of the Spider Nest
 32218 | Spider:2 | Received a gift from Trog
 32446 | Spider:2 | Reached XP level 19. HP: 154/168 MP: 16/19
 33351 | Spider:3 | Received a gift from Trog
 34827 | Spider:4 | Entered Level 4 of the Spider Nest
 34927 | Spider:4 | Reached skill level 12 in Dodging
 35232 | Spider:4 | Received a gift from Trog
 35313 | Spider:4 | HP: 1/170 [poisoned by a redback]
 35734 | Spider:4 | Got a gossamer rune of Zot
 36002 | Spider:4 | Identified the +0 scale mail of the Enchanted Forest {rElec
                  | Will+ Int+4}
 36359 | Elf:1    | Entered Level 1 of the Elven Halls
 36815 | Elf:1    | Identified the +1 great sword "Buofreo" {vorpal, Str+6}
                  | (Trog gifted it to you on level 1 of the Elven Halls)
 36815 | Elf:1    | Received a gift from Trog
 36951 | Elf:1    | Reached XP level 20. HP: 180/180 MP: 14/20
 37455 | Elf:1    | Found Finim's Antique Weapon Boutique.
 37525 | Elf:1    | Noticed a Tzitzimitl
 37724 | Elf:1    | Cast into level 2 of the Abyss (a deep elf sorcerer)
 37742 | Elf:1    | Escaped the Abyss
 38006 | Elf:2    | Noticed Louise
 38020 | Elf:2    | Killed Louise
 38040 | Elf:2    | Noticed Saint Roka
 38303 | Elf:2    | Killed Saint Roka
 38618 | Elf:2    | Paralysed by an air elemental for 1 turns
 38627 | Elf:2    | Paralysed by an air elemental for 1 turns
 38942 | Elf:2    | Reached skill level 13 in Dodging
 38987 | Elf:2    | Received a gift from Trog
 39090 | Elf:2    | Paralysed by an air elemental for 1 turns
 39448 | Elf:2    | Found a runed translucent gate.
 39448 | Elf:2    | Found a runed translucent gate.
 39448 | Elf:2    | Found a runed translucent gate.
 40635 | Elf:3    | Entered Level 3 of the Elven Halls
 41132 | Elf:3    | Found Gihix's Armour Shoppe.
 41466 | Elf:3    | Reached XP level 21. HP: 182/189 MP: 3/21
 42167 | Elf:3    | Noticed a Brimstone Fiend
 42590 | Elf:3    | Identified the +4 long sword of Stickiness {freeze, *Noise
                  | rPois Dex+4 SInv}
 42591 | Elf:3    | Identified the +7 broad axe "Xompug" {pain, rF+ Dex+4}
 42592 | Elf:3    | Identified the +5 battleaxe of the Moon {elec, rN+ MP+9
                  | Dex-2 Stlth+}
 43096 | Elf:3    | Identified the +1 falchion "Nexkidal" {drain, rN++ Dex+2}
 44205 | Elf:3    | Identified the -4 pair of boots "Cexel" {rF+++ Will- Str+3
                  | SInv}
 44211 | Elf:3    | Identified the +2 helmet of the Jolly Leylines {Drain
                  | Regen+ Dex+3 Stlth+}
 44550 | Vaults:1 | Entered Level 1 of the Vaults
 44594 | Vaults:1 | Reached skill level 14 in Dodging
 45179 | Vaults:1 | Reached skill level 15 in Dodging
 45392 | Vaults:1 | Reached skill level 16 in Dodging
 45408 | Vaults:1 | Received a gift from Trog
 45490 | Vaults:1 | Found a runed translucent gate.
 45490 | Vaults:1 | Found a runed translucent gate.
 45490 | Vaults:1 | Found a runed translucent gate.
 45490 | Vaults:1 | Noticed Geciec's ghost (veteran BaAK)
 45709 | Vaults:1 | Found Baphem's General Store.
 45715 | Vaults:1 | Bought a scroll of teleportation for 57 gold pieces
 45715 | Vaults:1 | Bought a potion of curing for 57 gold pieces
 45715 | Vaults:1 | Bought a scroll of identify for 38 gold pieces
 45715 | Vaults:1 | Bought a scroll of magic mapping for 66 gold pieces
 45715 | Vaults:1 | Bought a scroll of enchant armour for 142 gold pieces
 45715 | Vaults:1 | Bought 22 sling bullets for 209 gold pieces
 45715 | Vaults:1 | Bought a scroll of fog for 38 gold pieces
 45715 | Vaults:1 | Bought a scroll of enchant armour for 142 gold pieces
 45715 | Vaults:1 | Bought a scroll of identify for 38 gold pieces
 45779 | Vaults:1 | Reached XP level 22. HP: 198/198 MP: 17/22
 45951 | Vaults:1 | Identified the amulet of Somemi {Acrobat Stlth+}
 45960 | Vaults:1 | Reached skill level 17 in Dodging
 45983 | Vaults:1 | Killed Geciec's ghost
 46279 | Vaults:2 | Reached skill level 18 in Dodging
 46769 | Vaults:2 | Reached skill level 19 in Dodging
 47044 | Vaults:2 | Found Inia's Assorted Antiques.
 47052 | Vaults:2 | Bought a fine jade ring for 150 gold pieces
 47052 | Vaults:2 | Identified the ring of Fegguigy {Fly rElec rC+ MP+9} (You
                  | bought it in a shop on level 2 of the Vaults)
 47052 | Vaults:2 | Bought a crude silver ring for 150 gold pieces
 47052 | Vaults:2 | Identified the ring "Lehedon" {Str+4 SInv} (You bought it
                  | in a shop on level 2 of the Vaults)
 47052 | Vaults:2 | Bought a potion of invisibility for 240 gold pieces
 47052 | Vaults:2 | Bought a scroll of fear for 105 gold pieces
 47080 | Vaults:2 | Received a gift from Trog
 47461 | Vaults:3 | Reached skill level 20 in Dodging
 48060 | Vaults:4 | Upgraded the game from 0.28-a0-697-g47f3eba078 to
                  | 0.28-a0-704-g4d584c6bc1
 48189 | Vaults:4 | Reached XP level 23. HP: 153/205 MP: 17/23
 48198 | Vaults:4 | Reached skill level 21 in Dodging
 49286 | Vaults:4 | Reached skill level 22 in Dodging
 49290 | Vaults:4 | Received a gift from Trog
 50125 | Vaults:3 | Found a staircase to the Crypt.
 50252 | Vaults:3 | Cast into level 2 of the Abyss (a wizard)
 50252 | Abyss:2  | Found a corrupted altar of Lugonu.
 50676 | Vaults:3 | Escaped the Abyss
 50896 | Vaults:3 | Reached skill level 23 in Dodging
 51108 | Vaults:3 | Received a gift from Trog
 51814 | Vaults:3 | Identified the +7 trident of Light {vorpal, *Corrode rPois
                  | Will+++ SInv}
 51823 | Vaults:3 | Reached XP level 24. HP: 212/212 MP: 22/23
 51866 | Vaults:3 | Identified the +8 scimitar "Sitideoll" {vorpal, Will+}
                  | (Trog gifted it to you on level 3 of the Vaults)
 51866 | Vaults:3 | Received a gift from Trog
 52021 | Vaults:5 | Entered Level 5 of the Vaults
 52027 | Vaults:5 | HP: 6/212 [vault guard (21)]
 52027 | Vaults:5 | Mangled by a vault guard

Illustrated notes

Levels and vault maps discovered:
D:1:      onia_arrival_mini_maze, layout_loops_ring,
          ebering_ecumenical_altar_webs, minmay_distorted
D:2:      layout_basic, basic_altar, st_stairs_5
D:3:      layout_basic
D:4:      layout_gridville, minmay_temple_entry_tees, uniq_pikel
D:5:      layout_basic, serial_shops, shop_fountains, nicolae_underground_beach
D:6:      layout_gridville, chequers_serial_rivers_room_b, minmay_ruined_shrine
D:7:      layout_rooms, nicolae_ru_path_of_blood
D:8:      layout_loops_ring, item_on_display_a, uniq_harold, uniq_maggie
D:9:      layout_layer_cave, chequers_serial_rivers_room_a
D:10:     gammafunk_wand_slinger, layout_stronghold, due_lair_maze_entry_diamond
D:11:     layout_loops_cross, orc_0_dummy, serial_shops, nicolae_stop_n_shop_2,
          nrook_loot_triangle, xom_redecorated, uniq_maurice
D:12:     layout_basic, uniq_azrael
D:13:     wad_lake_hut, layout_cave_pools, nzn_wu_jian_council_hall
D:14:     layout_grid_maze, david_vaults_1, chequers_serial_rivers_micro_d,
          enter_trove_3, uniq_josephine
D:15:     hangedman_depths_entry_civil_slaughter, layout_cave_pools
Lair:1:   layout_loops_ring, enter_volcano_4, worms_lemuel, uniq_joseph,
          uniq_gastronok
Lair:2:   layout_long_grid, minmay_lair_oklob_items,
          amcnicky_altar_lugonu_corruption, uniq_prince_ribbit2
Lair:3:   layout_cave_pods, swamp_mist, serial_rivers,
          chequers_serial_rivers_micro_a, chequers_serial_rivers_marsh,
          chequers_serial_rivers_micro_a, chequers_serial_rivers_room_b,
          disabler_island, lemuel_fruit_fields, lemuel_fruit_fields
Lair:4:   layout_gridlike, spider_nest_entry_webs, portal_ice_cave_rime,
          infiniplex_staircase_pool
Lair:5:   layout_gridlike, serial_bayou_shore_a
Lair:6:   hangedman_lair_tendril_chambers, layout_gridlike,
          hangedman_lair_caniforms_friends, dpeg_slime_entry_enclosed_altar,
          serial_bayou_lagoon_a, tgw_fedhas, uniq_rupert
Swamp:1:  layout_basic_swamp, evilmike_swamp_ruin_house_3,
          cheibrodos_swamp_witchery, uniq_jorgrun, uniq_kirke
Swamp:2:  cheibrodos_swamp_heart_of_darkness, layout_falls_marsh,
          nicolae_swamp_dense_foliage
Swamp:3:  nicolae_swamp_ascending_descending, layout_basic_swamp,
          hangedman_swamp_cone, uniq_roxanne, uniq_nikola
Swamp:4:  swamp_icy, layout_basic_swamp, swamp_pool2
Spider:1: nicolae_spider_mines_3, hangedman_spider_tarantella_strand
Spider:2: layout_chambers
Spider:3: layout_spider_delve, nicolae_spider_cling_halls
Spider:4: grunt_spider_rune_parallel
Orc:1:    layout_caves, basic_altar, lightli_church_of_beogh
Orc:2:    st_orc_mages, layout_caves, serial_shops, nicolae_lakefront_shop,
          ebering_ghost_reflecting_pool
Elf:1:    nicolae_elf_arrival_no_cutting_in_line, layout_loops_cross,
          serial_shops, nicolae_square_shop, minmay_elf_sorcery
Elf:2:    nicolae_elf_blades_splatter_lattice [nicolae_blade_tridents],
          layout_onion_city, grunt_ministairs_3, uniq_louise, uniq_saint_roka
Elf:3:    minmay_elf_hall_curves, layout_geoelf_castle, serial_shops, shop,
          unseen_surprise_small
Vaults:1: biasface_ghost_orc_armoury, ontoclasm_vaults_ligature,
          nicolae_vaults_ninety_degrees, vaults_mumra_hexcomb, v_misc_23,
          hangedman_vaults_trim, nicolae_vaults_shelves_hall,
          vaults_room_door_hall, layout_vaults_big_room, serial_shops, shop
Vaults:2: hangedman_vaults_nails, ontoclasm_vaults_fault,
          nicolae_vaults_little_squares_1, ontoclasm_vaults_shuriken,
          grunt_vaults_hallway_long, hangedman_vaults_maws, v_alt_pattern_5,
          vaults_room_corners, nicolae_vaults_little_squares_2, v_pattern_3,
          vaults_dpeg_diagonal, nicolae_vaults_little_squares_3,
          vaults_room_fours, layout_vaults_big_cross, serial_shops,
          nicolae_shop_overgrown_old_shop
Vaults:3: vaults_mumra_hex, blue_anna_dwarven_crypt, v_misc_25, v_rooms_2,
          v_misc_10, ontoclasm_vaults_bender,
          nicolae_vaults_stairing_the_circle, ontoclasm_vaults_loading_screen,
          nicolae_vaults_quartermaster, v_misc_10,
          nicolae_vaults_little_squares_3, nicolae_vaults_little_squares_5,
          ontoclasm_vaults_ring_square, vaults_room_pools, layout_vaults_ring
Vaults:4: nicolae_vaults_ring_of_whatevers, vaults_room_fours,
          nicolae_vaults_what_the_h, ontoclasm_vaults_chip,
          vaults_standard_mumra_lines, ontoclasm_vaults_decontamination,
          vaults_dpeg_encased_lava, layout_vaults_omnigrid
Vaults:5: uniq_margery

Skill      XL: |  1  2  3  4  5  6  7  8  9 10 11 12 13 14 15 16 17 18 19 20 21 22 23 |
---------------+----------------------------------------------------------------------+-----
Long Blades    | 4 5 6 7 9 11 13 14 16 18 19 20 21 22 | 22.2
Fighting       | 4 5 6 8 9 11 12 13 15 16 17 18 19 21 22 | 22.7
Armour         | 5 7 9 10 11 12 13 14 | 14.1
Dodging        | 5 7 9 10 11 12 13 16 20 23 | 23.6

Action                   |  1- 3 |  4- 6 |  7- 9 | 10-12 | 13-15 | 16-18 | 19-21 | 22-24 || total
-------------------------+-------+-------+-------+-------+-------+-------+-------+-------++-------
Melee: Falchion          |   109 |   161 |    92 |       |       |       |       |       ||   362
       Scimitar          |       |       |   101 |       |       |       |       |       ||   101
       Long sword        |       |       |     4 |   448 |  1003 |   206 |       |       ||  1661
       Demon blade       |       |       |       |       |   263 |       |       |       ||   263
       Great sword       |       |       |       |       |       |   828 |  1020 |   886 ||  2734
       Double sword      |       |       |       |       |       |       |       |    78 ||    78
Throw: Throwing net      |       |       |       |       |       |     2 |       |       ||     2
Invok: Berserk           |     2 |     6 |    11 |    13 |    17 |    22 |    17 |    10 ||    98
       Trog's Hand       |       |     3 |     5 |     6 |     8 |    14 |    30 |    21 ||    87
       Brothers in Arms  |       |       |       |       |     1 |     9 |     8 |     7 ||    25
Evoke: Wand              |       |     2 |    10 |    19 |    36 |     9 |    16 |     1 ||    93
       Lightning rod     |       |       |       |       |     4 |       |     4 |     3 ||    11
       Phial of floods   |       |       |       |       |     1 |       |       |       ||     1
       Condenser vane    |       |       |       |       |       |     3 |     2 |     2 ||     7
  Use: Potion            |       |     1 |     2 |       |       |     1 |     8 |     2 ||    14
       Scroll            |       |     1 |       |    13 |     9 |    21 |    16 |    13 ||    73
 Stab: Sleeping          |     2 |       |       |       |     3 |     3 |     2 |       ||    10
       Paralysed         |       |       |       |       |     2 |       |       |       ||     2
       Distracted        |       |       |       |       |       |    11 |     7 |     7 ||    25
       Confused          |       |       |       |       |       |     1 |       |       ||     1
Armor: Animal skin       |    19 |    22 |     5 |       |       |       |       |       ||    46
       Skin              |       |     1 |       |       |       |       |       |       ||     1
       Plate armour      |       |       |    67 |    13 |    21 |       |   260 |       ||   361
       Swamp dragon scal |       |       |       |    55 |       |       |       |       ||    55
       Troll leather arm |       |       |       |    62 |   469 |   454 |   154 |       ||  1139
       Scale mail        |       |       |       |       |       |       |    82 |   219 ||   301
Dodge: Dodged            |    68 |   117 |   139 |   272 |   949 |   827 |   696 |  1103 ||  4171
       Repelled          |       |       |       |       |       |       |       |     4 ||     4

Table legend: (Time is in decaauts)
 A = Elapsed time spent in this place.
 B = Non-inter-level travel time spent in this place.
 C = Inter-level travel time spent in this place.
 D = Time resting spent in this place.
 E = Time spent auto-exploring this place.
 F = Levels seen in this place.
 G = Mean time per level.
                   A        B        C        D        E       F      G
               +--------+--------+--------+--------+--------+-----+--------+
         Total |  51963 |  48322 |   3641 |   7711 |  30372 |  43 | 1208.4 |
       Dungeon |  16771 |  15390 |   1381 |   2395 |  10429 |  15 | 1118.1 |
          Lair |   8008 |   7217 |    791 |    713 |   4713 |   6 | 1334.7 |
         Swamp |   4314 |   4086 |    228 |    766 |   2286 |   4 | 1078.5 |
   Spider Nest |   4922 |   4465 |    457 |    104 |   3420 |   4 | 1230.5 |
  Orcish Mines |   1919 |   1595 |    324 |     40 |   1086 |   2 |  959.5 |
   Elven Halls |   7547 |   7340 |    207 |   2427 |   3781 |   3 | 2515.7 |
        Vaults |   6835 |   6584 |    251 |   1051 |   4075 |   5 | 1367.0 |
         Abyss |    436 |    436 |      0 |     37 |    121 |   2 |  218.0 |
      Ice Cave |    833 |    833 |      0 |     78 |    404 |   1 |  833.0 |
       Volcano |    375 |    375 |      0 |     95 |     55 |   1 |  375.0 |
               +--------+--------+--------+--------+--------+-----+--------+

Top non-repeatable levels by time:
   Elf:3: 3705 daAuts
   Elf:2: 2376 daAuts
  Lair:6: 2168 daAuts
Vaults:4: 2168 daAuts
     D:6: 2114 daAuts
Vaults:3: 1835 daAuts
     D:1: 1803 daAuts
Vaults:1: 1627 daAuts
Spider:3: 1558 daAuts
     D:5: 1522 daAuts
    D:10: 1504 daAuts
   Elf:1: 1465 daAuts
  Lair:2: 1458 daAuts
Spider:2: 1412 daAuts
     D:2: 1310 daAuts
